 Dungeon Crawl Stone Soup version 0.17-a0-1718-g72dbe4d (webtiles) character file.

5399 Flubber the Fighter (level 10, 0/93 HPs)
             Began as a Minotaur Gladiator on Aug 25, 2015.
             Was an Elder of Okawaru.
             Slain by a yak (12 damage)
             ... on level 2 of the Lair of Beasts.
             The game lasted 00:42:09 (6617 turns).

Flubber the Fighter (Minotaur Gladiator)            Turns: 6617, Time: 00:42:09

Health: 0/93       AC: 10    Str: 26    XL:     10   Next: 40%
Magic:  9/9        EV: 11    Int:  7    God:    Okawaru [****..]
Gold:   248        SH: 10    Dex:  8    Spells: 0 memorised, 9 levels left

rFire  + . .     SeeInvis .     V - +5 long sword "Beastbane" {slice, rElec Str+2}
rCold  + . .     Clarity  +     h - +2 scale mail {MR+}
rNeg   . . .     SustAt   .     j - +0 shield
rPois  +         Gourm    .     c - +0 hat
rElec  +         Spirit   .     C - +0 cloak
rCorr  .         Warding  .     (no gloves)
rMut   .         Stasis   .     (no boots)
MR     +....                    (no amulet)
Stlth  ..........               P - ring of poison resistance
                                F - ring of protection from fire

@: somewhat resistant to hostile enchantments, extremely unstealthy
A: retaliatory headbutt, hooves 1, horns 2, blink 1, blurry vision 1, clarity,
clever 1, clumsy 1, cold resistance 1
a: Blink, Heroism, Renounce Religion


You were on level 2 of the Lair of Beasts.
You worshipped Okawaru.
Okawaru was greatly pleased with you.
You were not hungry.

You visited 3 branches of the dungeon, and saw 11 of its levels.

You collected 586 gold pieces.
You spent 338 gold pieces at shops.

Inventory:

Hand weapons
 a - a +0 war axe
 d - a +3 quarterstaff of chaos
 k - a +4 flail of crushing
 y - a +3 mace of protection
 L - a +2 falchion of holy wrath
 R - a +2 flail of venom
 V - the +5 long sword "Beastbane" (weapon) {slice, rElec Str+2}
   (You found it on level 1 of the Lair of Beasts)

   It inflicts extra damage upon your enemies.
   It affects your strength (+2).
   It insulates you from electricity.
Missiles
 U - 6 poisoned javelins (quivered)
Armour
 b - a +0 leather armour
 c - a +0 hat (worn)
 f - a +1 cloak
 h - a +2 scale mail of magic resistance (worn)
 i - a +1 cloak
 j - a +0 shield (worn)
 q - a +0 chain mail
 C - a +0 cloak (worn)
Magical staves
 O - an uncursed staff of summoning {unknown}
Jewellery
 l - a cursed ring of loudness
 F - a ring of protection from fire (left hand)
 M - an uncursed ring of sustain attributes
 P - a ring of poison resistance (right hand)
Magical devices
 x - a wand of flame (40)
 z - a wand of random effects (15)
 K - a wand of slowing (22)
 Q - a wand of flame (17)
Scrolls
 n - 3 scrolls of remove curse
 r - 3 scrolls of enchant weapon
 D - a scroll of magic mapping
 E - a scroll of blinking
 G - a scroll of immolation
 I - a scroll of identify
 S - a scroll of fog
 T - 2 scrolls of recharging
Potions
 g - 3 potions of heal wounds {unknown}
 o - 2 potions of agility {unknown}
 p - a potion of ambrosia {unknown}
 s - 2 potions of might {unknown}
 u - a potion of haste {unknown}
 w - a potion of brilliance {unknown}
 B - a potion of mutation {unknown}
 W - 2 potions of invisibility
Books
 J - a book of Changes

   Spells                             Type                      Level
   a - Beastly Appendage              Transmutation                1
   b - Sticks to Snakes               Transmutation                2
   c - Spider Form                    Transmutation/Poison         3
   d - Ice Form                       Ice/Transmutation            4
   e - Blade Hands                    Transmutation                5
 X - a book of Burglary

   Spells                             Type                      Level
   a - Swiftness                      Charms/Air                   2
   b - Passwall                       Transmutation/Earth          3
   c - Passage of Golubria            Translocation                4
   d - Lee's Rapid Deconstruction     Earth                        5
   e - Darkness                       Hexes                        6
   f - Invisibility                   Hexes                        6
Miscellaneous
 H - a plain deck of wonders
Comestibles
 e - 6 bread rations
 m - 11 slices of pizza
 t - 16 fruits
 v - 5 beef jerkies
 A - 2 meat rations
 N - 4 chunks of flesh


   Skills:
 + Level 10.1 Fighting
 + Level 2.6 Long Blades
 - Level 4.4(7.3) Axes
 - Level 9.1(9.5) Maces & Flails
 - Level 3.0 Throwing
 + Level 5.5 Armour
 - Level 8.0 Dodging
 + Level 6.5 Shields


You had 9 spell levels left.
You didn't know any spells.

Dungeon Overview and Level Annotations

Branches:
Dungeon (8/15)             Temple (1/1) D:5            Lair (2/8) D:8

Altars:
Ashenzari
Kikubaaqudgha
Nemelex Xobeh
Okawaru
Ru
Yredelemnul
The Shining One

Shops:
D:4 [   D:6 *   D:7 (

Portals:
Labyrinth: Lair:2

Annotations:
D:4 Eustachio


Innate Abilities, Weirdness & Mutations

You reflexively headbutt those who attack you in melee.
You have a pair of horns on your head.
You have large cloven feet.
You can translocate small distances at will.
Scrolls take you a little longer to read.
You possess an exceptional clarity of mind.
Your mind is acute. (Int +2)
You are clumsy. (Dex -2)
Your flesh is cold resistant.


Message History

W - 2 potions of invisibility (gained 1)
There are no items here.
You now have 248 gold pieces (gained 11).
There are no items here.
You hear the brisk ticking of a clock nearby.
You feel like a meek peon again.
Found a glowing robe.
A yak comes into view.
The yak bellows! 2 yaks come into view.
The yak bellows! x2
You block the yak's attack.
Found 14 gold pieces.
You hit the yak. You kick the yak, but do no damage.
The yak is moderately wounded.
You block the yak's attack. x2
You completely miss the yak. You kick the yak, but do no damage.
The yak is moderately wounded.
The yak gores you!
You die...

####..........#.#### ##
#P#.#..........#.#.##.##
........................
........................
.......................$
.................Y....#
.................Y....#
................@Y....#
.###P#.......#.##..[.##
..#####.....#### ...##
...## #.....## ...#
....# #.....P# ..##
...## #.....P##. ..#
....####...###......
......##...#........
..................


You could see 3 yaks.

Vanquished Creatures
  2 spiny frogs (Lair:1)
  A fire drake (Lair:2)
  A komodo dragon (Lair:2)
  The ghost of demonpo the Archer, an average HEHu of Kikubaaqudgha (D:4)
  The ghost of Everild the Cudgeler, an average GrFi (D:3)
  Sigmund (D:5)
  A human (D:8)
  2 basilisks
  2 hippogriffs
  Edmund (D:5)
  A porcupine (Lair:1)
  2 ice beasts
  An ogre (D:7)
  6 sky beasts
  5 giant frogs
  4 crocodiles
  2 scorpions
  5 killer bees (D:7)
  3 crimson imps
  2 orc priests
  A jelly (D:6)
  Crazy Yiuf (D:3)
  Ijyb (D:3)
  A hound (D:6)
  9 orc wizards
  4 iguanas
  2 giant frog skeletons
  3 hell rats (D:8)
  7 worker ants
  2 hound zombies
  10 adders
  A river rat (D:8)
  4 shadow imps
  An ooze (D:5)
  3 adder skeletons
  A worm (D:2)
  16 orcs
  2 ball pythons
  3 bats
  7 goblins
  11 hobgoblins
  8 kobolds
  6 quokkas
  5 giant cockroaches
  6 giant geckos
  A giant gecko zombie (D:5)
  4 giant newts
  9 rats
173 creatures vanquished.

Vanquished Creatures (others)
  A fungus (D:3)
1 creature vanquished.

Grand Total: 174 creatures vanquished

Notes
Turn   | Place    | Note
--------------------------------------------------------------
     0 | D:1      | Flubber the Minotaur Gladiator began the quest for the Orb.
     0 | D:1      | Reached XP level 1. HP: 18/18 MP: 0/0
   334 | D:1      | Reached XP level 2. HP: 25/25 MP: 1/1
   376 | D:1      | Reached skill level 4 in Axes
   685 | D:2      | Reached skill level 1 in Armour
   705 | D:2      | Reached XP level 3. HP: 31/31 MP: 2/2
  1315 | D:2      | Reached XP level 4. HP: 36/38 MP: 3/3
  1367 | D:3      | Reached skill level 1 in Shields
  1550 | D:3      | Noticed Ijyb
  1571 | D:3      | Killed Ijyb
  1596 | D:3      | Reached skill level 1 in Maces & Flails
  1641 | D:3      | Found a basalt altar of Yredelemnul.
  1657 | D:3      | Reached XP level 5. HP: 40/46 MP: 4/4
  1676 | D:3      | Noticed Everild's ghost (average GrFi)
  1904 | D:4      | Found Jaqutol's Antique Armour Emporium.
  1912 | D:4      | Bought a glowing scale mail for 112 gold pieces
  2017 | D:4      | Noticed demonpo's ghost (average HEHu)
  2143 | D:3      | Killed Everild's ghost
  2143 | D:3      | Reached skill level 5 in Fighting
  2143 | D:3      | Reached XP level 6. HP: 9/56 MP: 5/5
  2586 | D:3      | Noticed Crazy Yiuf
  2592 | D:3      | Killed Crazy Yiuf
  2862 | D:4      | Killed demonpo's ghost
  2862 | D:4      | Reached XP level 7. HP: 31/61 MP: 6/6
  3230 | D:4      | Noticed Eustachio
  3497 | D:5      | Entered Level 5 of the Dungeon
  3549 | D:5      | Reached skill level 5 in Armour
  3588 | D:5      | Found a staircase to the Ecumenical Temple.
  3619 | D:5      | Reached skill level 6 in Fighting
  3632 | Temple   | Entered the Ecumenical Temple
  3642 | Temple   | Became a worshipper of Warmaster Okawaru
  3668 | D:5      | Gained mutation: Your flesh is cold resistant. [mutagenic meat]
  3669 | D:5      | Gained mutation: You are clumsy. (Dex -2) [mutagenic meat]
  3670 | D:5      | Gained mutation: You expend magic power (3 MP) to strengthen your wands. [mutagenic meat]
  3695 | D:5      | Found an ancient bone altar of Kikubaaqudgha.
  3738 | D:5      | Noticed Edmund
  3753 | D:5      | Killed Edmund
  3867 | D:5      | Reached skill level 5 in Maces & Flails
  3867 | D:5      | Reached XP level 8. HP: 62/71 MP: 7/7
  3981 | D:5      | Noticed Sigmund
  3988 | D:5      | Killed Sigmund
  4255 | D:6      | Acquired Okawaru's first power
  4255 | D:6      | Reached skill level 7 in Fighting
  4299 | D:6      | Found a sparkling altar of Nemelex Xobeh.
  4457 | D:6      | Reached skill level 5 in Dodging
  4788 | D:6      | Found Tini Zoe's Assorted Antiques.
  4835 | D:7      | Reached skill level 8 in Fighting
  4902 | D:7      | Reached XP level 9. HP: 81/81 MP: 8/8
  5283 | D:7      | Found Ucrerchoa's Weapon Shoppe.
  5293 | D:7      | Bought a +2 flail of venom for 226 gold pieces
  5362 | D:7      | Gained mutation: You heal slowly when monsters are visible. [mutagenic meat]
  5363 | D:7      | Gained mutation: You can translocate small distances at will. [mutagenic meat]
  5364 | D:7      | Gained mutation: Your mind is acute. (Int +2) [mutagenic meat]
  5365 | D:7      | Lost mutation: You expend magic power (3 MP) to strengthen your wands. [mutagenic meat]
  5489 | D:8      | Reached skill level 9 in Fighting
  5553 | D:8      | Reached skill level 1 in Long Blades
  5557 | D:8      | Gained mutation: You possess an exceptional clarity of mind. [mutagenic meat]
  5559 | D:8      | Gained mutation: Scrolls take you a little longer to read. [mutagenic meat]
  5561 | D:8      | Lost mutation: You heal slowly when monsters are visible. [mutagenic meat]
  5562 | D:8      | Gained mutation: You have large cloven feet. [mutagenic meat]
  5614 | D:8      | Found a staircase to the Lair.
  5622 | D:8      | Reached skill level 5 in Shields
  5674 | Lair:1   | Entered Level 1 of the Lair of Beasts
  5686 | Lair:1   | Noticed a spiny frog
  5694 | Lair:1   | Killed a spiny frog
  5731 | Lair:1   | Received a gift from Okawaru
  5883 | Lair:1   | Reached XP level 10. HP: 89/92 MP: 9/9
  5957 | Lair:1   | Got a faintly glowing long sword
  5970 | Lair:1   | Identified the +5 long sword "Beastbane" {slice, rElec Str+2} (You found it on level 1 of the Lair of Beasts)
  6554 | Lair:2   | Found a labyrinth entrance.
  6574 | Lair:2   | HP: 1/93 [fire drake/blast of flame (5)]
  6575 | Lair:2   | Reached skill level 10 in Fighting
  6617 | Lair:2   | Slain by a yak

Vault maps used:
D:1:      roderic_chinese_lattice_arrival
D:3:      lemuel_doored_altar, first_bread, uniq_crazy_yiuf_cottage, uniq_iyjb
D:4:      serial_shops, nicolae_shop_overgrown_old_shop, uniq_eustachio
D:5:      nicolae_overflow_hidden_temple, uniq_sigmund, uniq_edmund
D:6:      nemelex_deck, serial_shops, kennysheep_mini, kennysheep_generic_room_8
D:7:      serial_shops, nicolae_shop_waterfront
D:8:      dpeg_lair_monsters, serial_shops, nicolae_shop_statue_plus,
          grunt_pizzeria, minmay_evil_grid
Temple:   nicolae_temple_elliptical
Lair:2:   lab_entry_generic

Action                   |  1- 3 |  4- 6 |  7- 9 | 10-12 || total
-------------------------+-------+-------+-------+-------++-------
Melee: War axe           |    62 |    11 |       |       ||    73
       Mace              |       |   123 |    61 |       ||   184
       Flail             |       |       |   197 |    15 ||   212
       Falchion          |       |       |     9 |       ||     9
       Long sword        |       |       |       |    36 ||    36
Throw: Throwing net      |     5 |     6 |     2 |       ||    13
Invok: Heroism           |       |       |       |     2 ||     2
Evoke: Wand              |       |       |     9 |       ||     9
  Use: Scroll            |       |     9 |    10 |     1 ||    20
       Potion            |       |     4 |     1 |       ||     5
 Stab: Invisible         |       |     1 |       |       ||     1
       Held in net/web   |       |       |     2 |       ||     2
  Eat: Chunk             |     1 |     6 |    22 |     2 ||    31
       Fruit             |       |       |     1 |       ||     1
